AoeStats
← Mr. Penis

Lombardia

507516042Analyzed
4v4 RM · 13d ago on Sep 18, 2026· 48m 59s· 8 players
Game mode
Random Map
Map size
Large (8 player)
Population
200
Speed
Normal
Resources
Standard
Victory
Conquest
Starting age
Dark Age
Ending age
Imperial Age
RankedLock teamsTeams togetherTeam positionsShared explorationLock speedFull tech treeHidden civsTurbo modeCheats
Victory
Defeat
🇭🇰 Burmese · Hong Kong SAR China
1394
+12
🇹🇼 Japanese · Taiwan
1374
+13
🇨🇱 Dravidians · Chile
1344
+14
🇩🇪 Aztecs · Germany
1209
+20
🇪🇸 Magyars · Spain
1387
-18
🇷🇺 Jurchens · Russia
1304
-15
🇹🇷 Maya · Türkiye
1274
-14
🇹🇷 Bulgarians · Türkiye
1236
-12
TdB.victor2.01
7:19 Loom
9:49 Feudal Age
10:19 Horse Collar
10:26 Double-Bit Axe
13:28 Scale Barding Armor
22:56 Castle Age
21:28 Fletching
21:38 Padded Archer Armor
21:53 Bloodlines
24:13 Bodkin Arrow
25:20 Thumb Ring
27:47 Leather Archer Armor
27:58 Ballistics
41:55 Imperial Age
43:26 Capped Ram
46:11 Bracer
46:42 Ring Archer Armor
47:57 Ring Archer Armor
48:42 Chemistry
Siny
0:27 Loom
11:48 Feudal Age
13:36 Double-Bit Axe
16:08 Castle Age
14:53 Horse Collar
17:28 Bow Saw
17:26 Heavy Plow
17:58 Town Watch
26:21 Wheelbarrow
26:20 Squires
26:27 Gold Mining
26:36 Stone Mining
26:38 Arson
26:56 Scale Mail Armor
27:06 Forging
27:35 Town Patrol
27:51 Hand Cart
31:30 Imperial Age
29:35 Chain Mail Armor
29:55 Iron Casting
28:53 Eagle Warrior
30:07 Caravan
29:38 Pikeman
31:40 Stone Shaft Mining
32:43 Holcans
32:34 Conscription
31:49 Elite Eagle Warrior
33:03 Plate Mail Armor
33:34 Blast Furnace
34:05 Blast Furnace
33:13 Capped Ram
34:35 Crop Rotation
35:07 Two-Man Saw
34:46 Siege Ram
36:02 Halberdier
37:20 Hul'che Javelineers
37:38 Fortified Wall
37:19 Guard Tower
38:29 Chemistry
37:42 Masonry
37:12 Treadmill Crane
Purpose
10:22 Feudal Age
16:27 Castle Age
15:19 Double-Bit Axe
20:21 Loom
25:51 Horse Collar
30:46 Caravan
33:24 Imperial Age
30:53 Gold Mining
31:56 Wheelbarrow
32:04 Scale Barding Armor
32:10 Forging
32:01 Scale Mail Armor
37:13 Chain Barding Armor
37:29 Iron Casting
37:10 Chain Mail Armor
37:34 Conscription
39:15 Chemistry
38:36 Ballistics
39:03 Elite Konnik
45:39 Blast Furnace
45:15 Plate Barding Armor
45:10 Plate Mail Armor
47:32 Fletching
Mr. Penis
11:16 Feudal Age
12:46 Double-Bit Axe
15:36 Castle Age
13:37 Horse Collar
14:10 Loom
17:53 Bow Saw
18:45 Fervor
19:53 Fervor
21:19 Wheelbarrow
21:20 Sanctity
21:17 Heavy Plow
22:34 Town Watch
24:10 Gold Mining
24:34 Stone Mining
27:14 Hand Cart
26:59 Town Patrol
27:14 Hand Cart
27:38 Gold Shaft Mining
27:38 Stone Shaft Mining
32:02 Imperial Age
30:34 Scale Barding Armor
30:40 Forging
30:22 Treadmill Crane
30:52 Masonry
30:48 Siege Engineers
31:39 Bloodlines
31:53 Chain Barding Armor
32:09 Iron Casting
31:24 Fletching
32:06 Husbandry
35:29 Crop Rotation
36:00 Two-Man Saw
35:38 Elite Steppe Lancer
39:41 Ballistics
39:07 Arrowslits
40:23 Chemistry
40:51 Conscription
41:39 Plate Barding Armor
42:05 Blast Furnace
41:33 Fortified Bastions
45:40 Hoardings
Sir Dman II.
8:58 Loom
10:44 Feudal Age
15:13 Castle Age
15:07 Double-Bit Axe
15:03 Horse Collar
17:38 Bow Saw
22:12 Gold Mining
23:12 Wheelbarrow
24:16 Stone Mining
24:27 Heavy Plow
25:09 Gold Shaft Mining
25:47 Hand Cart
25:41 Scale Mail Armor
25:52 Forging
26:25 Town Watch
30:20 Imperial Age
28:32 Chain Mail Armor
28:53 Iron Casting
28:39 Fletching
29:40 Stone Shaft Mining
28:49 Eagle Warrior
29:30 Squires
29:17 Arson
31:16 Caravan
30:54 Elite Eagle Warrior
32:13 Plate Mail Armor
32:11 Conscription
33:02 Garland Wars
34:15 Blast Furnace
35:03 Coinage
36:35 Fortified Wall
36:47 Ballistics
37:27 Chemistry
41:26 Banking
43:45 Capped Ram
44:46 Siege Ram
No_English
3:00 Loom
12:35 Feudal Age
16:18 Castle Age
14:38 Double-Bit Axe
14:37 Horse Collar
17:36 Heavy Plow
17:48 Bow Saw
20:01 Wheelbarrow
21:29 Gold Mining
22:16 Stone Mining
22:18 Town Watch
23:39 Hand Cart
25:55 Gold Shaft Mining
30:47 Imperial Age
28:17 Fletching
29:06 Ballistics
28:52 Padded Archer Armor
29:08 Bodkin Arrow
29:21 Scale Mail Armor
29:22 Murder Holes
30:20 Yasama
30:05 Treadmill Crane
30:44 Caravan
30:51 Squires
31:14 Chain Mail Armor
30:42 Elite Skirmisher
32:35 Two-Man Saw
31:39 Guard Tower
32:51 Chemistry
32:09 Leather Archer Armor
32:26 Bracer
33:40 Conscription
32:55 Pikeman
33:32 Gambesons
33:49 Arrowslits
34:40 Keep
33:55 Halberdier
36:07 Forging
36:28 Plate Mail Armor
38:14 Kataparuto
38:43 Iron Casting
39:44 Arson
41:29 Blast Furnace
41:04 Town Patrol
41:12 Siege Engineers
42:08 Elite Samurai
jardan1234
8:35 Loom
11:00 Feudal Age
18:31 Wheelbarrow
20:21 Castle Age
22:59 Horse Collar
24:56 Heavy Plow
32:13 Hand Cart
34:51 Imperial Age
33:31 Caravan
34:52 Town Watch
35:14 Gold Mining
37:19 Fortified Wall
37:16 Scale Barding Armor
37:21 Forging
37:16 Howdah
37:36 Conscription
39:02 Chain Barding Armor
38:59 Bloodlines
38:49 Husbandry
39:53 Iron Casting
40:52 Elite Battle Elephant
42:28 Plate Barding Armor
42:54 Blast Furnace
43:08 Town Patrol
43:45 Crop Rotation
45:00 Fletching
45:28 Murder Holes
45:57 Ballistics
46:52 Masonry
46:23 Treadmill Crane
Criminalss
7:23 Loom
10:11 Feudal Age
11:58 Wheelbarrow
11:13 Double-Bit Axe
12:40 Horse Collar
21:01 Castle Age
22:26 Bow Saw
22:57 Heavy Plow
24:41 Stone Mining
24:55 Town Watch
25:28 Hand Cart
28:03 Gold Mining
29:21 Fletching
30:36 Thumb Ring
31:05 Bodkin Arrow
31:12 Padded Archer Armor
34:11 Imperial Age
32:28 Ballistics
32:48 Medical Corps
33:12 Leather Archer Armor
34:48 Town Patrol
34:44 Elite Elephant Archer
35:27 Bracer
35:57 Conscription
36:46 Chemistry
38:14 Ring Archer Armor
37:59 Masonry
42:30 Elite Urumi Swordsman
Connection lost

Rejoining the realm…

Still unreachable

The connection could not be restored.

Session expired

The server has moved on; the page needs a fresh start.